 Dungeon Crawl Stone Soup version 0.22-a0-136-g83a10e5 (webtiles) character file.

58 mhoghedin the Covered (level 4, -5/31 HPs)
             Began as a Halfling Fighter on Feb 3, 2018.
             Slain by an ogre
             ... wielding a +0 giant club
              (13 damage)
             ... on level 2 of the Dungeon.
             The game lasted 00:01:08 (945 turns).

mhoghedin the Covered (Halfling Fighter)             Turns: 945, Time: 00:01:09

Health: -5/31      AC:  7    Str: 23    XL:     4   Next: 21%
Magic:  4/4        EV:  9    Int:  6    God:
Gold:   62         SH: 10    Dex: 13    Spells: 3/3 levels left

rFire    . . .     SeeInvis .   a - +0 war axe
rCold    . . .     Gourm    .   c - +0 shield
rNeg     . . .     Faith    .   b - +0 scale mail
rPois    .         Spirit   .   (no helmet)
rElec    .         Reflect  .   (no cloak)
rCorr    .         Harm     .   (no gloves)
MR       .....                  (no boots)
Stlth    ..........             (no amulet)
HPRegen  0.10/turn              (no ring)
MPRegen  0.09/turn              (no ring)

@: mighty
A: small, mutation resistance 1
a: no special abilities


You were on level 2 of the Dungeon.
You were not hungry.

You visited 1 branch of the dungeon, and saw 2 of its levels.

You collected 62 gold pieces.

Inventory:

Hand Weapons
 a - a +0 war axe (weapon)
Armour
 b - a +0 scale mail (worn)
 c - a +0 shield (worn)
Scrolls
 h - 2 scrolls of identify {unknown}
 l - a scroll of blinking {unknown}
Potions
 e - a potion of degeneration {unknown}
 g - a potion of berserk rage {unknown}
 i - a potion of agility {unknown}
 j - a potion of curing {unknown}
Comestibles
 f - a ration
 k - 2 chunks of flesh {@w0}


   Skills:
 + Level 3.1 Fighting
 + Level 2.6 Axes
 + Level 3.8 Armour
 + Level 3.8 Shields


You had 3 spell levels left.
You didn't know any spells.

Dungeon Overview and Level Annotations

Branches:
Dungeon (2/15)

Altars:


Innate Abilities, Weirdness & Mutations

You are small and have problems with some larger weapons.
You are somewhat resistant to further mutation.


Message History

j - a silvery potion A bat comes into view.
The bat moves out of view.
A bat is nearby!
Jessica the Apprentice Sorceress comes into view.
She is wielding a dagger.
Jessica shouts!
The bat hits you but does no damage.
Jessica mumbles some strange words.
Jessica blinks!
You hear an angry hiss.
A kobold comes into view.
A frilled lizard comes into view.
The frilled lizard hisses angrily.
The kobold shouts!
The bat hits you but does no damage. x2; The frilled lizard moves out of view.
You block the bat's attack.
You barely miss the bat. You block the bat's attack. The bat barely misses you.
You block the bat's attack.
You barely miss the bat. The bat closely misses you.
You block the bat's attack. x2
You hit the kobold. You closely miss the bat. The bat closely misses you. x2
You block the kobold's attack. The bat closely misses you.
The kobold hits you but does no damage.
You barely miss the kobold. You block the bat's attack.
The kobold closely misses you.
You barely miss the kobold. You closely miss Jessica.
The bat closely misses you. The kobold hits you but does no damage.
Jessica hits you but does no damage. The kobold closely misses you.
Jessica points at you and mumbles some strange words.
Pain shoots through your body! The bat barely misses you.
You closely miss the kobold. You hit Jessica. You barely miss the bat.
You block the bat's attack. x2; The kobold misses you.
Jessica hits you with a dagger.
You hit the kobold.
You kill the kobold!
You barely miss Jessica. The bat barely misses you.
You block Jessica's attack. x2
The frilled lizard bites you but does no damage.
You hit Jessica but do no damage. You slash the bat!
You kill the bat!
You slash the frilled lizard!
You kill the frilled lizard!
You block Jessica's attack.
You hit Jessica. Jessica hits you with a dagger. You block Jessica's attack.
You take 5 damage, and have 21/26 hp.
You closely miss Jessica. You block Jessica's attack.
You closely miss Jessica. You block Jessica's attack.
Jessica hits you with a dagger.
You take 1 damage, and have 20/26 hp.
You closely miss Jessica. Jessica barely misses you.
You hit Jessica. You block Jessica's attack.
You hit Jessica.
You kill Jessica!
You have reached level 4!
You regained 4 hp, and now have 24/31 hp.
MP restored: 4
Things that are here:
a dagger; a runed robe; the human corpse of Jessica You butcher the human corpse of Jessica.
k - 2 chunks of flesh {@w0}
Things that are here:
a dagger; a runed robe; the human skeleton of Jessica You see here a kobold corpse.
You butcher the kobold corpse.
You see here an inedible chunk of flesh {@w0}.
You see here a bat corpse.
You see here an inedible chunk of flesh {@w0}.
Found a stone staircase leading up.
l - a scroll labeled MISKYRCHUCO You now have 62 gold pieces (gained 11).
A frilled lizard comes into view.
The frilled lizard hisses angrily.
Found a stone staircase leading up.
The frilled lizard barely misses you.
Your shield and scale mail prevent you from hitting the frilled lizard.
You block the frilled lizard's attack.
You slash the frilled lizard!
You kill the frilled lizard!
No target in view!
No target in view!
No target in view!
No target in view!
No target in view!
An ogre comes into view. It is wielding a giant club.
The ogre shouts!
An ogre is nearby!
An ogre is nearby!
The ogre closely misses you.
A hobgoblin comes into view. It is wielding a club.
The hobgoblin shouts!
You slash the ogre! The ogre hits you with a giant club!!
Ouch! That really hurt!
* * * LOW HITPOINT WARNING * * *
You hear an angry hiss.
You take 20 damage, and have 8/31 hp.
MASSIVE DAMAGE!!
An adder comes into view.
You aren't carrying any items that you can evoke.
You feel very mighty all of a sudden. You block the ogre's attack.
You hit the ogre. The ogre hits you with a giant club!
You die...

#.......###..#..
#...............
#..##.#.#....#.#
#..<..#.######.#
#.....#......# #
#####.#.#.####.#
#.........#
#.###.#.### #@#
#.#.# #O# #.#.#
#S# #.#.# #g#
#.#.# #.# #.#.#
#.# #.#.< #.#
#..g%....#
#..####..#


You could see an ogre, an adder and a hobgoblin.

Vanquished Creatures
  Jessica (D:2)
  An ooze (D:1)
  2 goblins (D:1)
  4 hobgoblins (D:1)
  2 jackals (D:1)
  6 bats
  4 frilled lizards
  6 kobolds
  3 rats (D:1)
29 creatures vanquished.

Notes
Turn   | Place    | Note
-------+----------+-------------------------------------------
     0 | D:1      | mhoghedin the Halfling Fighter began the quest for the Orb.
     0 | D:1      | Reached XP level 1. HP: 15/15 MP: 1/1
    42 | D:1      | Reached XP level 2. HP: 15/20 MP: 2/2
   483 | D:1      | Reached XP level 3. HP: 25/25 MP: 3/3
   489 | D:1      | Reached skill level 3 in Fighting
   880 | D:2      | Noticed Jessica
   895 | D:2      | Killed Jessica
   895 | D:2      | Reached XP level 4. HP: 24/31 MP: 4/4
   933 | D:2      | Noticed an ogre
   945 | D:2      | Slain by an ogre

Vault maps used:
D:1:      dpeg_arrival_chambers_temple_mockup, hangedman_decor_riveting,
          patterned_corridor
D:2:      first_ration, minmay_small_reverse_x, uniq_jessica,
          uniq_crazy_yiuf_cottage

Skill      XL: |  1  2  3 |
---------------+----------+-----
Fighting       | 3 |  3.1
Axes           | |  2.6
Armour         | |  3.8
Shields        | |  3.8

Action                   |  1- 3 |  4- 6 || total
-------------------------+-------+-------++-------
Melee: War axe           |   107 |     4 ||   111
  Use: Potion            |       |     1 ||     1
Armor: Scale mail        |    52 |       ||    52
Dodge: Dodged            |    60 |     2 ||    62
Block: Shield            |    80 |     2 ||    82

Table legend:
 A = Spawn XP
 B = Non-spawn XP
 C = Spawn XP percentage of total XP
 D = Spawn monster count
 E = Non-spawn monster count
 F = Spawn count percentage of total count
 G = Total turns spent on level
                    A         B        C        D         E        F      G
               +---------+---------+-------+---------+---------+-------+---------
         Total |       0 |      84 |   0.0 |       0 |      29 |   0.0 |   945
               +---------+---------+-------+---------+---------+-------+---------
           D:1 |       0 |      41 |   0.0 |       0 |      24 |   0.0 |   821
           D:2 |       0 |      43 |   0.0 |       0 |       5 |   0.0 |   124
               +---------+---------+-------+---------+---------+-------+---------

Vault maps used:
D:1:      dpeg_arrival_chambers_temple_mockup, hangedman_decor_riveting,
          patterned_corridor
D:2:      first_ration, minmay_small_reverse_x, uniq_jessica,
          uniq_crazy_yiuf_cottage

Table legend:
 A = Turns spent in this place as a percentage of turns spent in the entire game.
 B = Non-inter-level travel turns spent in this place as a percentage of non-inter-level travel turns spent in the entire game.
 C = Inter-level travel turns spent in this place as a percentage of turns spent in this place.
 D = Turns resting spent in this place as a percentage of non-inter-level travel turns spent in this place.
 E = Turns spent auto-exploring this place as a percentage of non-inter-level travel turns spent in this place.
 F = Non-inter-level travel turns spent in this place divided by the number of levels of this place that you've seen.
                   A       B       C       D       E      F
               +-------+-------+-------+-------+-------+----------------------
         Total | 100.0 | 100.0 |   2.4 |   0.0 |  77.3 | 461.0
       Dungeon | 100.0 | 100.0 |   2.4 |   0.0 |  77.3 | 461.0
               +-------+-------+-------+-------+-------+----------------------

Table legend:
 A = Kills in this place as a percentage of kills in entire the game.
 B = Kills by you in this place as a percentage of kills by you in the entire game.
 C = Kills by friends in this place as a percentage of kills by friends in the entire game.
 D = Other kills in this place as a percentage of other kills in the entire game.
 E = Experience gained in this place as a percentage of experience gained in the entire game.
 F = Experience gained in this place divided by the number of levels of this place that you have seen.
                   A       B       C       D       E      F
               +-------+-------+-------+-------+-------+----------------------
         Total | 100.0 | 100.0 |   N/A |   N/A | 100.0 |  42.0
       Dungeon | 100.0 | 100.0 |   N/A |   N/A | 100.0 |  42.0
               +-------+-------+-------+-------+-------+----------------------
